[Event "Late-Titled-Tuesday-Blitz-February-06-2024"]
[Site "Chess.com"]
[Date "2024.02.06"]
[Round "3"]
[White "Levanzovsky"]
[Black "LionTheLeon_06"]
[Result "1-0"]
[WhiteElo "2530"]
[BlackElo "2872"]
[TimeControl "180+1"]
[EndTime "14:31:26 PST"]
[Termination "Levanzovsky won by checkmate"]

1. e4 c6 2. Nc3 d5 3. Nf3 g6 4. d4 Bg7 5. h3 Nf6 6. Bd3 dxe4 7. Nxe4 Nxe4 8. Bxe4 Be6 9. c3 Bd5 10. Bc2 O-O 11.
O-O Nd7 12. Re1 e6 13. Nh2 c5 14. dxc5 Nxc5 15. Ng4 h5 16. Ne5 b5 17. Be3 Rc8 18.
Bd4 Qc7 19. Qd2 Rfd8 20. Qg5 Bb7 21. Nxg6 fxg6 22. Qxg6 Qf7 23. Qh7+ Kf8 24. Bg6 Qg8 25. Qxh5 Bxd4 26. cxd4 Rxd4 27. Rac1 Rd5 28. Qf3+ Ke7 29. Qg3 Nd7 30. Qh4+ Nf6 31. Qb4+ Kd7 32. Rxc8 Kxc8 33.
Rc1+ Kb8 34. Qf4+ Ka8 35. Qxf6 Rd7 36. h4 e5 37. h5 a6 38. f3 Qxa2 39. Re1 Qxb2 40.
Qxe5 Qd2 41. Qe8+ Rd8 42. Qe3 Qd6 43. Qf2 b4 44. Qe2 b3 45. Qb2 Qb6+ 46. Kh1 a5 47.
Rb1 a4 48. Qa3 Bc6 49. Qe7 Rd2 50. Qf8+ Ka7 51. Qg7+ Ka6 52. Qc3 Rd6 53. Bd3+ Ka7 54. Qg7+ Bb7 55. Qc3 Rd5 56. Bg6 Rc5 57. Qd4 Rb5 58.
Qxb6+ Kxb6 59. h6 a3 60. h7 a2 61. h8=Q axb1=Q+ 62. Bxb1 b2 63. Qd4+ Ka6 64. Qa4+ Kb6 65.
Qd4+ Ka5 66. Qd2+ Kb6 67. Kh2 Bd5 68. Qd4+ Kc7 69. Qc3+ Kd6 70. Kg3 Be6 71. Kf4 Bd7 72. g4 Bc6 73. Qf6+ Kc7 74. Qe7+ Kb6 75. g5 Rb3 76. g6 Rxf3+ 77. Kg4 Rf1 78. Qe3+ Kc7 79.
Qa7+ Bb7 80. Qa5+ Kb8 81. Qe5+ Ka8 82. Qxb2 Rg1+ 83. Kf5 Rf1+ 84. Ke5 Re1+ 85. Kd6 Rd1+ 86. Kc7 Ba6 87. Qb8# 1-0

[Event "Late-Titled-Tuesday-Blitz-February-06-2024"]
[Site "Chess.com"]
[Date "2024.02.06"]
[Round "3"]
[White "akinov-akinseye"]
[Black "carloseduar100"]
[Result "0-1"]
[WhiteElo "1906"]
[BlackElo "2333"]
[TimeControl "180+1"]
[EndTime "14:31:26 PST"]
[Termination "carloseduar100 won by checkmate"]

1. e4 e6 2. d3 d5 3. Nd2 Nf6 4. Ngf3 c5 5. g3 Nc6 6. Bg2 b5 7. O-O Be7 8. c3 Bb7 9. Qc2 a5 10.
Re1 a4 11. Nf1 Qb6 12. a3 b4 13. axb4 cxb4 14. Rxa4 Rxa4 15. Qxa4 bxc3 16. bxc3 dxe4 17. dxe4 O-O 18. Be3 Qb2 19. c4 Ra8 20. Qd1 Nxe4 21. Nd4 Nc3 22. Qb3 Qxb3 23. Nxb3 Na5 24. Bxb7 Nxb7 25.
Nfd2 h6 26. Kg2 Ra2 27. Bd4 Na4 28. Rc1 Nac5 29. Bxc5 Nxc5 30. Nxc5 Rxd2 31. Ne4 Re2 32. Kf3 Rb2 33. c5 f5 34. Nd6 Bxd6 35. cxd6 Rd2 36. Rc6 Kf7 37. h3 Kf6 38. g4 g5 39. gxf5 Kxf5 40.
Ke3 Rd5 41. f3 Ke5 42. d7 Rxd7 43. Rc8 Kf6 44. Rh8 Kg7 45. Re8 Rd6 46. Ke4 Kg6 47. f4 gxf4 48. Kxf4 Ra6 49. h4 Kh5 50. Kg3 Ra3+ 51.
Kf4 Ra4+ 52. Kg3 Re4 53. Rg8 e5 54. Re8 Re3+ 55. Kg2 Kxh4 56. Kf2 Re4 57. Kf3 Rf4+ 58. Ke3 Rf5 59. Rh8 h5 60. Ke4 Rg5 61. Rf8 Kg4 62. Ra8 h4 63. Ra3 h3 64. Rc3 h2 65. Rc1 Kh3 66.
Rh1 Rg1 67. Rxh2+ Kxh2 68. Kxe5 Rf1 69. Ke4 Kg3 70. Kd3 Re1 71. Kd2 Re8 72. Kd3 Kf4 73.
Kc2 Rd8 74. Kc3 Ke4 75. Kc2 Ke3 76. Kc1 Rd2 77. Kb1 Kd3 78. Kc1 Kc3 79. Kb1 Rc2 80. Ka1 Kb3 81. Kb1 Rc5 82. Ka1 Rc1# 0-1

[Event "Late-Titled-Tuesday-Blitz-February-06-2024"]
[Site "Chess.com"]
[Date "2024.02.06"]
[Round "3"]
[White "only_strong_moves"]
[Black "ATM622"]
[Result "1-0"]
[WhiteElo "2649"]
[BlackElo "2445"]
[TimeControl "180+1"]
[EndTime "14:31:29 PST"]
[Termination "only_strong_moves won by checkmate"]

1. e4 c6 2. d4 d5 3. Nc3 dxe4 4. Nxe4 Bf5 5. Ng3 Bg6 6. h4 h6 7. Nf3 Nd7 8. h5 Bh7 9. Bd3 Bxd3 10. Qxd3 Ngf6 11.
Bd2 e6 12. O-O-O Be7 13. Ne4 Nxe4 14. Qxe4 Nf6 15. Qe2 Qd5 16. c4 Qe4 17. Qxe4 Nxe4 18. Be3 O-O 19. Rhe1 b5 20. cxb5 cxb5 21. Kb1 Nf6 22.
Ne5 Nxh5 23. g4 Nf6 24. g5 hxg5 25. Bxg5 Nd5 26. Bxe7 Nxe7 27. Rg1 f6 28. Nd7 Rf7 29. Nc5 Nd5 30. Nxe6 Re8 31. Nc5 Re2 32. Rde1 Rfe7 33.
Rxe2 Rxe2 34. Nd3 Rd2 35. Rg3 Kf7 36. Rf3 Re2 37. a3 a6 38. Kc1 Ke6 39. Kd1 Nc3+ 40. bxc3 Ra2 41. Kc1 a5 42. Rg3 Kd5 43. Kb1 Rd2 44.
Nb2 g5 45. Rf3 Ke6 46. Kc1 Re2 47. Nd3 Kd5 48. Nb2 Re1+ 49. Kd2 Rb1 50. Kc2 Re1 51.
Rxf6 Re2+ 52. Kc1 b4 53. axb4 axb4 54. Nd1 Kc4 55. cxb4 Kb3 56. Rf3+ Kxb4 57. Rg3 Kc4 58. Rxg5 Kxd4 59. Rg4+ Ke5 60. Ra4 Kf6 61. Rc4 Ke5 62. Rc2 Re1 63. Kd2 Rh1 64. Ke2 Kd4 65. Ra2 Ke5 66.
Ra4 Rh2 67. Ne3 Kd6 68. Ra6+ Ke7 69. Kf3 Kf7 70. Kg3 Rh1 71. f4 Re1 72. Kf3 Rh1 73. Ke4 Re1 74. f5 Re2 75. Kf4 Rf2+ 76. Kg5 Re2 77.
Ng4 Re1 78. Ra7+ Kf8 79. Kf6 Re8 80. Rf7+ Kg8 81. Rg7+ Kh8 82. Rf7 Rg8 83. Ne5 Rf8 84. Rxf8+ Kh7 85. Rf7+ Kh8 86. Ng6+ Kg8 87. Rg7# 1-0

[Event "Late-Titled-Tuesday-Blitz-February-06-2024"]
[Site "Chess.com"]
[Date "2024.02.06"]
[Round "3"]
[White "ProfessorChess101"]
[Black "VitorBronson"]
[Result "1-0"]
[WhiteElo "2808"]
[BlackElo "2508"]
[TimeControl "180+1"]
[EndTime "14:31:31 PST"]
[Termination "ProfessorChess101 won on time"]

1. d4 d5 2. c4 c6 3. cxd5 cxd5 4. Nc3 Nf6 5. Bf4 Nc6 6. e3 a6 7. Be2 Bf5 8. Nf3 e6 9. O-O Bd6 10. Ne5 O-O 11. Nxc6 bxc6 12. Bxd6 Qxd6 13. Rc1 c5 14. Na4 c4 15. b3 cxb3 16. axb3 Rfc8 17. Nc5 Ne4 18. b4 a5 19. Nxe4 Bxe4 20. Rxc8+ Rxc8 21. bxa5 Qa3 22. a6 h6 23. h3 Rc2 24. Bb5 Qa5 25. Bd3 Rd2 26. Qa1 Ra2 27. Qb1 Bxd3 28. Qxd3 Qxa6 29.
Qc3 g6 30. Re1 Ra3 31. Qb2 Ra2 32. Qb8+ Kg7 33. Qe5+ Kh7 34. Qf6 Kg8 35. Qf4 h5 36.
Kh2 Ra1 37. Rxa1 Qxa1 38. Kg3 Qf1 39. Qe5 Qg1 40. Qf6 Qf1 41. Qf3 Qb1 42. Kh4 Kg7 43. Qf4 f6 44. Kg3 Qg1 45. h4 Qc1 46. Qd6 Qc8 47. Qe7+ Kh6 48. Qxf6 Qe8 49. Kf4 Qb8+ 50. Qe5 Qf8+ 51. Kg3 Qe8 52. f3 Kh7 53. Qf6 Qb8+ 54.
Kh3 Qc8 55. Qf7+ Kh6 56. Qf4+ Kg7 57. Qe5+ Kf7 58. g4 hxg4+ 59. fxg4 Qc1 60. Qf4+ Kg7 61.
Kg2 Qc2+ 62. Qf2 Qe4+ 63. Kg3 e5 64. dxe5 Qxe5+ 65. Qf4 Qe6 66. Qd4+ Kh7 67. Kf3 Qf7+ 68. Ke2 Qb7 69. Kf3 Qf7+ 70. Kg2 Qb7 71. Qc3 Qb1 72. Qc7+ Kh8 73. Qd8+ Kh7 74. Qxd5 Qc2+ 75. Kg3 Qe2 76. Qb7+ Kh8 77. Qf3 Qe1+ 78. Kf4 Qxh4 79. Ke4 Qe7+ 80.
Kd3 Qd6+ 81. Ke2 Qa6+ 82. Kf2 Qa2+ 83. Kg3 Qe6 84. Qf8+ Kh7 85. Qf4 Qc6 86. Qf7+ Kh8 87. g5 Qd6+ 88. Qf4 Qe6 89. Qf6+ Qxf6 90. gxf6 Kg8 91. Kg4 Kf7 92. Kg5 1-0

[Event "Late-Titled-Tuesday-Blitz-February-06-2024"]
[Site "Chess.com"]
[Date "2024.02.06"]
[Round "4"]
[White "Payyappat"]
[Black "Lion_DL"]
[Result "1-0"]
[WhiteElo "2513"]
[BlackElo "2318"]
[TimeControl "180+1"]
[EndTime "14:33:58 PST"]
[Termination "Payyappat won by resignation"]

1. e4 c5 2. Nf3 e6 3. d4 cxd4 4. Nxd4 a6 5. Nc3 Qc7 6. Be2 Nf6 7. O-O d6 8. Be3 Nbd7 9. f4 Be7 10. Bf3 O-O 11. g4 Nc5 12. Qe2 Rb8 13. Qg2 b5 14. g5 Nfd7 15. f5 exf5 16. exf5 f6 17. Nd5 Ne5 18.
Nxc7 1-0

[Event "Late-Titled-Tuesday-Blitz-February-06-2024"]
[Site "Chess.com"]
[Date "2024.02.06"]
[Round "4"]
[White "Mazetovic"]
[Black "EsmeraldasAnderson03"]
[Result "1-0"]
[WhiteElo "2610"]
[BlackElo "2403"]
[TimeControl "180+1"]
[EndTime "14:34:40 PST"]
[Termination "Mazetovic won by resignation"]

1. e4 c5 2. Nf3 d6 3. Bb5+ Bd7 4. Bxd7+ Qxd7 5. O-O Nf6 6. e5 dxe5 7. Nxe5 Qc7 8. d4 e6 9. Bf4 Bd6 10. Re1 O-O 11.
dxc5 Qxc5 12. Nd7 Qc6 13. Nxf6+ gxf6 14. Qxd6 Qxc2 15. Na3 Qxb2 16. Bh6 1-0

[Event "Late-Titled-Tuesday-Blitz-February-06-2024"]
[Site "Chess.com"]
[Date "2024.02.06"]
[Round "4"]
[White "mac0504"]
[Black "thesupera12"]
[Result "1-0"]
[WhiteElo "2714"]
[BlackElo "2515"]
[TimeControl "180+1"]
[EndTime "14:34:47 PST"]
[Termination "mac0504 won by resignation"]

1. c4 b6 2. Nc3 Bb7 3. e4 e6 4. Nf3 d5 5. exd5 exd5 6. d4 Nf6 7. Bg5 Be7 8. cxd5 Nxd5 9. Bb5+ c6 10. Bxe7 Qxe7+ 11. Be2 Nxc3 12. bxc3 Ba6 13. Ne5 Bxe2 14. Qxe2 f6 15. Nc4 Qxe2+ 16. Kxe2 O-O 17. Kd3 Re8 18. Rhe1 Nd7 19. Nd6 Rxe1 20. Rxe1 Kf8 21. c4 c5 22. d5 Rd8 23. f4 Nb8 24. Nb5 Nc6 25. Nc7 Nd4 26.
f5 Rd7 27. Re8+ Kf7 28. Rc8 Nxf5 29. Ne6 Ne7 30. Rf8+ Kg6 31. g4 Nxd5 32. cxd5 Rxd5+ 33. Kc4 Rd4+ 34. Nxd4 1-0

[Event "Late-Titled-Tuesday-Blitz-February-06-2024"]
[Site "Chess.com"]
[Date "2024.02.06"]
[Round "4"]
[White "besarquis"]
[Black "Walter_White_Poland"]
[Result "0-1"]
[WhiteElo "2224"]
[BlackElo "2397"]
[TimeControl "180+1"]
[EndTime "14:34:47 PST"]
[Termination "Walter_White_Poland won by resignation"]

1. e4 e6 2. d4 d5 3. exd5 exd5 4.
Nf3 Bd6 5. Bd3 Ne7 6. O-O O-O 7.
c4 c6 8. h3 Bf5 9. Nc3 Bxd3 10.
Qxd3 dxc4 11. Qxc4 Nd7 12. Bg5 Nb6 13. Qd3 Qd7 14.
Rad1 Ned5 15. Ne4 Rfe8 16. Bc1 Nb4 17. Qb1 Qf5 18. Nxd6 Qxb1 19. Nxe8 Rxe8 0-1

[Event "Late-Titled-Tuesday-Blitz-February-06-2024"]
[Site "Chess.com"]
[Date "2024.02.06"]
[Round "4"]
[White "GreatOwl02"]
[Black "TheMagician"]
[Result "1-0"]
[WhiteElo "2302"]
[BlackElo "2142"]
[TimeControl "180+1"]
[EndTime "14:35:07 PST"]
[Termination "GreatOwl02 won by resignation"]

1. d4 Nf6 2. Nf3 d5 3. Bg5 Ne4 4. Bh4 h6 5. Nbd2 Bf5 6. e3 Nd7 7. Nxe4 Bxe4 8. Nd2 Bg6 9. c4 dxc4 10. Bxc4 c6 11.
O-O Qb6 12. Bb3 e6 13. Nc4 Qd8 14. Bxd8 1-0

[Event "Late-Titled-Tuesday-Blitz-February-06-2024"]
[Site "Chess.com"]
[Date "2024.02.06"]
[Round "4"]
[White "pr1105"]
[Black "jsdbv18"]
[Result "0-1"]
[WhiteElo "2411"]
[BlackElo "2614"]
[TimeControl "180+1"]
[EndTime "14:35:11 PST"]
[Termination "jsdbv18 won by resignation"]

1. e4 e5 2. Nf3 d6 3. d4 exd4 4.
Nxd4 Nf6 5. Nc3 Be7 6. Bf4 O-O 7. Qd2 Nbd7 8. O-O-O c6 9. Be2 Nc5 10. f3 a5 11. g4 a4 12. Nf5 Bxf5 13. gxf5 Kh8 14. Bxd6 a3 15. b3 Bxd6 16. Qxd6 Qa5 17. Nb1 Rad8 18.
Qe7 Rde8 19. Qd6 Rd8 20. Qe5 Nxb3+ 0-1

[Event "Late-Titled-Tuesday-Blitz-February-06-2024"]
[Site "Chess.com"]
[Date "2024.02.06"]
[Round "4"]
[White "ACollins05"]
[Black "aghasiyevkamal"]
[Result "1-0"]
[WhiteElo "2429"]
[BlackElo "2608"]
[TimeControl "180+1"]
[EndTime "14:35:27 PST"]
[Termination "ACollins05 won by resignation"]

1. d4 d5 2. c4 e6 3. Nf3 Nf6 4. g3 dxc4 5. Bg2 c5 6. O-O Nc6 7.
dxc5 Qxd1 8. Rxd1 Bxc5 9. Nbd2 c3 10. bxc3 Bd7 11. Nb3 Bb6 12. Nfd4 Nxd4 13. cxd4 Bc6 14. Bxc6+ bxc6 15. Ba3 O-O-O 16. Rac1 Kb7 17. e3 h5 18. Be7 Rd5 19. Bxf6 gxf6 20. h4 Rhd8 21. Re1 a5 22. Rb1 Rb5 23. a4 Rb4 24. Nxa5+ Bxa5 25. Rxb4+ Bxb4 26. Rb1 Ra8 27. Rxb4+ Kc7 28. Kf1 Ra5 29. Ke2 c5 30. Rc4 Kd6 31. dxc5+ Kd5 32. Kd3 f5 33. c6 Ra8 34. c7 Rc8 35. a5 e5 36. a6 1-0

[Event "Late-Titled-Tuesday-Blitz-February-06-2024"]
[Site "Chess.com"]
[Date "2024.02.06"]
[Round "4"]
[White "masterofpuppets2"]
[Black "GothamChess"]
[Result "0-1"]
[WhiteElo "2513"]
[BlackElo "2696"]
[TimeControl "180+1"]
[EndTime "14:35:41 PST"]
[Termination "GothamChess won by resignation"]

1. e4 e6 2. d3 d5 3. Qe2 Nc6 4. Nf3 e5 5. c3 f6 6. g3 Be6 7.
Bg2 Qd7 8. O-O O-O-O 9. a4 g5 10. b4 dxe4 11. dxe4 Qd3 12. Qxd3 Rxd3 13. Re1 h5 14.
Bf1 Rxf3 15. Nd2 Rxc3 16. Bb2 Rc2 0-1

[Event "Late-Titled-Tuesday-Blitz-February-06-2024"]
[Site "Chess.com"]
[Date "2024.02.06"]
[Round "4"]
[White "CarrotsandPizza"]
[Black "delqate"]
[Result "1-0"]
[WhiteElo "2525"]
[BlackElo "2358"]
[TimeControl "180+1"]
[EndTime "14:35:50 PST"]
[Termination "CarrotsandPizza won by resignation"]

1. e4 d5 2. exd5 Qxd5 3. c4 Qd8 4. d4 g6 5. Nf3 Bg7 6. Nc3 Bg4 7. Be2 Nc6 8. d5 Bxf3 9. Bxf3 Nd4 10. Qa4+ Qd7 11.
Qxd7+ Kxd7 12. Bd1 c5 13. O-O Bh6 14. Be3 Bg7 15. Ne2 e5 16. dxe6+ Nxe6 17. Nc3 Bxc3 18. bxc3 Ne7 19. Bf3 Kc7 20. Rab1 Rab8 21. Bd5 b6 22. Bxe6 fxe6 23. Bf4+ Kc6 24. Bxb8 Rxb8 25. Rfe1 Rd8 26. Rxe6+ 1-0

[Event "Late-Titled-Tuesday-Blitz-February-06-2024"]
[Site "Chess.com"]
[Date "2024.02.06"]
[Round "4"]
[White "goldihouse"]
[Black "stasOR4ik"]
[Result "1-0"]
[WhiteElo "2611"]
[BlackElo "2408"]
[TimeControl "180+1"]
[EndTime "14:36:04 PST"]
[Termination "goldihouse won by resignation"]

1. c4 c6 2. Nf3 d5 3. g3 Nf6 4.
Bg2 Ne4 5. d3 Nd6 6. Nbd2 Bf5 7.
b3 dxc4 8. bxc4 e6 9. Rb1 Nd7 10.
O-O Be7 11. Nd4 Bg6 12. Ba3 O-O 13. Bxd6 Bxd6 14. Rxb7 Ne5 15. Nxc6 Nxc6 16. Bxc6 Rc8 17. Bg2 Bc5 18. Nb3 Bb6 19. c5 Bxc5 20. Nxc5 Rxc5 21. Rxa7 Ra5 22. Rxa5 Qxa5 23. Qc2 h6 24. Rb1 Rd8 25. h4 Rd4 26. Bf3 Ra4 27. Rb2 Bf5 28. Qd2 e5 29. Qxa5 Rxa5 30. Be4 Be6 31. Rb8+ 1-0

[Event "Late-Titled-Tuesday-Blitz-February-06-2024"]
[Site "Chess.com"]
[Date "2024.02.06"]
[Round "4"]
[White "YurasovMat-2012"]
[Black "semchik73"]
[Result "1-0"]
[WhiteElo "2681"]
[BlackElo "2407"]
[TimeControl "180+1"]
[EndTime "14:36:09 PST"]
[Termination "YurasovMat-2012 won by resignation"]

1. e4 Nf6 2. e5 Nd5 3. d4 d6 4. c4 Nb6 5. exd6 cxd6 6. Nf3 g6 7.
Nc3 Bg7 8. Be3 O-O 9. b3 Nc6 10. Be2 e5 11. O-O Bg4 12. dxe5 dxe5 13. h3 Bxf3 14.
Bxf3 e4 15. Nxe4 Bxa1 16. Qxa1 f5 17. Bh6 Rf7 18. Ng5 Rd7 19. c5 Nd4 20. cxb6 axb6 21. Re1 Qf6 22. Qc1 Rxa2 23. Re8+ 1-0

[Event "Late-Titled-Tuesday-Blitz-February-06-2024"]
[Site "Chess.com"]
[Date "2024.02.06"]
[Round "4"]
[White "expii"]
[Black "bitter-cikolata"]
[Result "0-1"]
[WhiteElo "2211"]
[BlackElo "2483"]
[TimeControl "180+1"]
[EndTime "14:36:09 PST"]
[Termination "bitter-cikolata won by resignation"]

1. e4 e5 2. Nf3 Nc6 3. Bb5 a6 4. Ba4 Nf6 5. d4 exd4 6. e5 Nd5 7. Nxd4 Be7 8. O-O O-O 9. Nxc6 dxc6 10. c4 Nb6 11. Bb3 Be6 12. Qe2 Qd4 13. Rd1 Bxc4 14. Rxd4 Bxe2 15. Bf4 Rad8 16. Rxd8 Rxd8 17. Nc3 Nd5 18.
Nxd5 cxd5 19. Rc1 c5 20. Be3 d4 21. Bd2 b5 22. Re1 Bc4 23. Bxc4 bxc4 24. Rc1 Rb8 25. Bf4 Rxb2 26. Rxc4 g5 27. Bc1 Rxa2 28. f4 d3 0-1

[Event "Late-Titled-Tuesday-Blitz-February-06-2024"]
[Site "Chess.com"]
[Date "2024.02.06"]
[Round "4"]
[White "Pachonpower"]
[Black "martinmena"]
[Result "1/2-1/2"]
[WhiteElo "2295"]
[BlackElo "2159"]
[TimeControl "180+1"]
[EndTime "14:36:09 PST"]
[Termination "Game drawn by agreement"]

1. e4 c6 2. c4 d5 3. cxd5 cxd5 4. exd5 Nf6 5. Nc3 g6 6. g3 Bg7 7. Bg2 O-O 8. Nge2 Na6 9. O-O Nc7 10. Nf4 Rb8 11.
d3 b6 12. Re1 Bb7 13. a4 Ncxd5 14. Nfxd5 Nxd5 15. Nxd5 Bxd5 16. Bxd5 Qxd5 17. Rxe7 Rfd8 18.
Bf4 Ra8 19. a5 bxa5 20. Qe1 Qxd3 21. Rxa5 a6 22. Be5 Qd1 23. Bxg7 Kxg7 24. Kg2 Qxe1 25.
Rxe1 Rdb8 26. Rea1 Rxb2 27. Rxa6 Rd8 28. R6a2 Rdd2 29. Rxb2 Rxb2 30. h4 h5 31. Ra5 Rc2 32. Ra6 Rc3 33. f4 1/2-1/2

[Event "Late-Titled-Tuesday-Blitz-February-06-2024"]
[Site "Chess.com"]
[Date "2024.02.06"]
[Round "4"]
[White "Zavgorodniy_Sergiy"]
[Black "andrzej"]
[Result "0-1"]
[WhiteElo "2597"]
[BlackElo "2447"]
[TimeControl "180+1"]
[EndTime "14:36:13 PST"]
[Termination "andrzej won by resignation"]

1. d4 d5 2. c4 dxc4 3. e3 Nf6 4.
Bxc4 e6 5. Nf3 c5 6. O-O Nc6 7.
Qe2 a6 8. Rd1 b5 9. dxc5 Qc7 10.
Bd3 Bxc5 11. a3 O-O 12. b4 Be7 13. Bb2 Bb7 14. Nbd2 Rfd8 15. Rac1 Rac8 16. Nb3 Qb8 17. Nc5 Bxc5 18. Rxc5 Nd7 19. Bxh7+ Kf8 20. Rg5 Nf6 21. Bb1 Rxd1+ 22. Qxd1 Rd8 23. Qe2 Qd6 24. Bc2 Ne7 25. Rc5 Ng4 26. h3 Bxf3 27. Qxf3 Qh2+ 28. Kf1 Qh1+ 29. Ke2 Nh2 30. Bxg7+ Ke8 31. Bd4 Qf1+ 32. Kd2 Nxf3+ 33. gxf3 Qxf2+ 34. Kc1 0-1

[Event "Late-Titled-Tuesday-Blitz-February-06-2024"]
[Site "Chess.com"]
[Date "2024.02.06"]
[Round "4"]
[White "fks_stal_mielec"]
[Black "JaackCamel"]
[Result "0-1"]
[WhiteElo "2325"]
[BlackElo "2196"]
[TimeControl "180+1"]
[EndTime "14:36:13 PST"]
[Termination "JaackCamel won by resignation"]

1. e4 e6 2. d4 d5 3. Nd2 c5 4. Ngf3 cxd4 5. Nxd4 Nc6 6. Bb5 Bd7 7. Bxc6 bxc6 8. exd5 cxd5 9. O-O Nf6 10. N2f3 Be7 11. Bf4 O-O 12. c3 h6 13. h3 a5 14. Bh2 a4 15. Qc2 Ne4 16. Rac1 Qb6 17. Ne5 Bb5 18. Rfe1 Rfc8 19. Qd1 Bf6 20. Nxb5 Qxb5 21. Qe2 Qxe2 22.
Rxe2 a3 23. b3 Rxc3 24. Rec2 Rac8 25. Rxc3 Rxc3 26. Rb1 Rc2 27. Nd7 0-1

[Event "Late-Titled-Tuesday-Blitz-February-06-2024"]
[Site "Chess.com"]
[Date "2024.02.06"]
[Round "4"]
[White "shirovin"]
[Black "Iuckyducky"]
[Result "1-0"]
[WhiteElo "2087"]
[BlackElo "2256"]
[TimeControl "180+1"]
[EndTime "14:36:16 PST"]
[Termination "shirovin won by checkmate"]

1. e4 c5 2. Nf3 Nc6 3. b4 Nxb4 4. c3 Nc6 5. d4 cxd4 6. cxd4 d5 7. exd5 Qxd5 8.
Nc3 Qa5 9. d5 Qxc3+ 10. Bd2 Qc5 11. dxc6 Nf6 12. Rc1 Qd6 13. cxb7 Bxb7 14. Bb5+ Nd7 15.
Bxd7+ Qxd7 16. Ne5 Qb5 17. Bc3 Rc8 18. a4 Qa6 19.
Qd7# 1-0

[Event "Late-Titled-Tuesday-Blitz-February-06-2024"]
[Site "Chess.com"]
[Date "2024.02.06"]
[Round "4"]
[White "terrortoast"]
[Black "maurovargas01"]
[Result "1-0"]
[WhiteElo "2448"]
[BlackElo "1901"]
[TimeControl "180+1"]
[EndTime "14:36:27 PST"]
[Termination "terrortoast won by resignation"]

1. d4 d5 2. c4 c6 3. Nf3 e6 4. g3 dxc4 5. Bg2 b5 6. O-O Bb7 7. b3 cxb3 8. Qxb3 Qc8 9. Bf4 Nf6 10. Rc1 a6 11. a4 Nd5 12. Bd2 Nc7 13. Nc3 b4 14.
Ne4 a5 15. Ne5 Be7 16. Nc4 Nd7 17. Ned6+ Bxd6 18. Nxd6+ Ke7 19. Nxc8+ Raxc8 20. Bxc6 Bxc6 21. Rxc6 Nf6 22. Rac1 Kd7 23. Qc4 Nfe8 24. Bf4 f6 25.
Bxc7 Nxc7 26. Rxc7+ Rxc7 1-0

[Event "Late-Titled-Tuesday-Blitz-February-06-2024"]
[Site "Chess.com"]
[Date "2024.02.06"]
[Round "4"]
[White "BeardedNM"]
[Black "Arman_Hakemi"]
[Result "0-1"]
[WhiteElo "2257"]
[BlackElo "2667"]
[TimeControl "180+1"]
[EndTime "14:36:34 PST"]
[Termination "Arman_Hakemi won on time"]

1. e4 c5 2. Nf3 Nc6 3. d4 cxd4 4.
Nxd4 e5 5. Nb5 a6 6. Nd6+ Bxd6 7. Qxd6 Qf6 8. Qd1 Qg6 9. Nc3 Nf6 10. f3 O-O 11. Be3 d5 12. Nxd5 Nxd5 13. exd5 Nb4 14. Bc5 Nxc2+ 15. Kf2 Nxa1 16. Bxf8 Qb6+ 17. Kg3 Kxf8 18. Qxa1 f5 19. h3 Qd6 20. Bc4 e4+ 21.
f4 Bd7 22. a4 Rc8 23. b3 b5 24. axb5 axb5 25. Be2 Rc2 26. Qa8+ Kf7 27. Bh5+ g6 28. Bd1 Rc3+ 0-1

[Event "Late-Titled-Tuesday-Blitz-February-06-2024"]
[Site "Chess.com"]
[Date "2024.02.06"]
[Round "4"]
[White "Boninknights"]
[Black "ybothg"]
[Result "0-1"]
[WhiteElo "2345"]
[BlackElo "2523"]
[TimeControl "180+1"]
[EndTime "14:36:37 PST"]
[Termination "ybothg won by resignation"]

1. d4 Nf6 2. Nf3 g6 3. c4 Bg7 4.
Nc3 d5 5. cxd5 Nxd5 6. e4 Nxc3 7. bxc3 c5 8. Bb5+ Nd7 9. O-O O-O 10. Rb1 a6 11. Bxd7 Qxd7 12. dxc5 Qc7 13. Qd5 Rd8 14. Bf4 Rxd5 15. Bxc7 Rxc5 16. Bg3 b5 17. Rfd1 Be6 18. Nd4 Bxa2 19. Ra1 Rxc3 20. e5 Bc4 21. Nc6 Bf8 22.
Bh4 Be2 23. Rd7 Rxc6 0-1

[Event "Late-Titled-Tuesday-Blitz-February-06-2024"]
[Site "Chess.com"]
[Date "2024.02.06"]
[Round "4"]
[White "igorknyazev"]
[Black "Charodej1"]
[Result "1-0"]
[WhiteElo "2153"]
[BlackElo "2271"]
[TimeControl "180+1"]
[EndTime "14:36:37 PST"]
[Termination "igorknyazev won by resignation"]

1. e4 c6 2. d4 d5 3. Nc3 dxe4 4. Nxe4 Nd7 5. Nf3 Ngf6 6. Neg5 e6 7. Bc4 Bd6 8. Nxf7 Kxf7 9. Ng5+ Ke8 10. Nxe6 Qe7 11. O-O Nb6 12. Re1 Nxc4 13. Nxg7+ Kf7 14. Rxe7+ Kxe7 15. Qe2+ Kf7 16. Qxc4+ Kxg7 17. Bg5 Re8 18. h4 Bf5 19.
Qb3 Re7 20. h5 h6 21. Bh4 Rae8 22. f3 Bc7 23. g4 Be6 24. Qd3 Bf4 25. Qg6+ 1-0

[Event "Late-Titled-Tuesday-Blitz-February-06-2024"]
[Site "Chess.com"]
[Date "2024.02.06"]
[Round "4"]
[White "Ready4abattle"]
[Black "Philippians46"]
[Result "0-1"]
[WhiteElo "2316"]
[BlackElo "2670"]
[TimeControl "180+1"]
[EndTime "14:36:41 PST"]
[Termination "Philippians46 won by resignation"]

1. e4 c5 2. Nf3 d6 3. d4 cxd4 4. Nxd4 Nf6 5. Nc3 Nc6 6. Bc4 e6 7. Be3 Bd7 8. Qe2 Rc8 9. O-O-O Na5 10. Bd3 a6 11. Rhg1 b5 12. g4 b4 13. Nb1 h6 14.
h4 g6 15. g5 hxg5 16. hxg5 Nh5 17. Bxa6 Ra8 18. Bb5 Bg7 19. Nb3 O-O 20. Bxd7 Qxd7 21.
Bd4 Rfc8 22. Bxg7 Kxg7 23. N1d2 Nxb3+ 24. Nxb3 Rxa2 25. Rd4 Qa7 26. Rgd1 Nf4 27. Qe3 e5 28. Rxb4 Qa6 29. Kd2 Rxb2 30. Nc5 Qa5 0-1

[Event "Late-Titled-Tuesday-Blitz-February-06-2024"]
[Site "Chess.com"]
[Date "2024.02.06"]
[Round "4"]
[White "TanitoluwaAps116"]
[Black "jefferyx"]
[Result "0-1"]
[WhiteElo "2821"]
[BlackElo "2991"]
[TimeControl "180+1"]
[EndTime "14:36:45 PST"]
[Termination "jefferyx won by resignation"]

1. e4 e6 2. d4 d5 3. exd5 exd5 4. Nf3 Nc6 5. Nc3 Bb4 6. Bb5 Ne7 7. O-O O-O 8. h3 Bxc3 9. bxc3 a6 10. Bd3 Bf5 11. a4 Re8 12. Rb1 b6 13. Re1 Qd7 14. Bf4 Bxd3 15. cxd3 Ng6 16. Bg3 Rxe1+ 17. Nxe1 Re8 18.
Nc2 f5 19. Qf3 f4 20. Bh2 Qf5 21. Ne3 Qxd3 22. Qxd5+ Kh8 23. Ra1 fxe3 24. Qxc6 exf2+ 25. Kxf2 Qe3+ 26. Kf1 Rf8+ 0-1

[Event "Late-Titled-Tuesday-Blitz-February-06-2024"]
[Site "Chess.com"]
[Date "2024.02.06"]
[Round "4"]
[White "PoXerStar"]
[Black "mr_gustavo"]
[Result "0-1"]
[WhiteElo "2427"]
[BlackElo "2694"]
[TimeControl "180+1"]
[EndTime "14:36:52 PST"]
[Termination "mr_gustavo won by checkmate"]

1. d4 Nf6 2. c4 e6 3. Nc3 d5 4. cxd5 Nxd5 5. e4 Nxc3 6. bxc3 c5 7. Nf3 cxd4 8. cxd4 Bb4+ 9. Bd2 Bxd2+ 10. Qxd2 O-O 11. Bc4 Nd7 12. O-O b6 13. Rfe1 Bb7 14. Rad1 Rc8 15.
Bb3 Re8 16. h3 Nf6 17. Qf4 Nh5 18. Qg4 Nf6 19. Qf4 h6 20. Ne5 b5 21. g4 a5 22. Rd3 a4 23. Bd1 Qe7 24. h4 Nd7 25. Nxd7 Qxd7 26. g5 e5 27. Qg3 exd4 28. Bg4 Rxe4 29.
Rxe4 Bxe4 30. Bxd7 Rc1+ 31. Kh2 Rh1# 0-1